 Dungeon Crawl Stone Soup version 0.27-a0-1296-g8ece459b43 (webtiles) character file.

Game seed: 3006549895457383300

21 27snakeeyes612 the Skirmisher (level 2, -1/16 HPs)
             Began as a Vine Stalker Fighter on June 16, 2021.
             Slain by a goblin (3 damage)
             ... on level 1 of the Dungeon.
             The game lasted 00:02:01 (483 turns).

27snakeeyes612 the Skirmisher (Vine Stalker Fighter) Turns: 483, Time: 00:02:02

Health: -1/16      AC:  6    Str: 18    XL:     2   Next: 83%
Magic:  0/3        EV:  7    Int:  8    God:
Gold:   12         SH:  9    Dex: 13    Spells: 1/1 levels left

rFire    . . .     SeeInvis .   a - +0 flail
rCold    . . .     Faith    .   c - +0 kite shield
rNeg     . . .     Spirit   +   b - +0 scale mail
rPois    .         Reflect  .   (no helmet)
rElec    .         Harm     .   (no cloak)
rCorr    .         Rampage  .   (no gloves)
Will     .....                  (no boots)
Stlth    ..........             (no amulet)
HPRegen  0.05/turn              (no ring)
MPRegen  0.08/turn              (no ring)

@: no status effects
A: fangs 2, magic shield, antimagic bite, no potion heal 2
a: no special abilities


You were on level 1 of the Dungeon.
You visited 1 branch of the dungeon, and saw 1 of its levels.

You collected 12 gold pieces.

Inventory:

Hand Weapons
 a - a +0 flail (weapon)
 g - a +0 whip
Armour
 b - a +0 scale mail (worn)
 c - a +0 kite shield (worn)
 f - a +0 chain mail
Scrolls
 h - a scroll of identify {unknown}
 i - a scroll of teleportation {unknown}
Potions
 d - a potion of might
 e - a potion of haste {unknown}


   Skills:
 + Level 3.0 Fighting
 + Level 2.0 Maces & Flails
 + Level 2.7 Armour
 + Level 2.9 Shields


You had one spell level left.
You didn't know any spells.
Your spell library was empty.

Dungeon Overview and Level Annotations

Branches:
Dungeon (1/15)

Altars:


Innate Abilities, Weirdness & Mutations

You have extremely sharp teeth.
When hurt, damage is shared between your health and your magic reserves.
Your bite disrupts and absorbs the magic of your enemies.
Potions cannot restore your health.


Message History

You sock the jackal!
You kill the jackal!
The ball python closely misses you. The ball python grabs you.
The ball python constricts you.
You hit the ball python but do no damage.
You block the ball python's attack. The ball python constricts you.
The ball python bites you. The ball python constricts you.
You hit the ball python.
You kill the ball python!
You block the kobold's attack.
You closely miss the kobold. Your bite misses the kobold.
You block the kobold's attack.
You closely miss the kobold. The kobold hits you but does no damage.
The kobold barely misses you.
You barely miss the kobold. You bite the kobold, but do no damage.
The kobold hits you with a +0 short sword.
* * * LOW HITPOINT WARNING * * *
You closely miss the kobold.
The kobold hits you with a +0 short sword.
* * * LOW HITPOINT WARNING * * *
You block the kobold's attack.
Your shield and scale mail prevent you from hitting the kobold.
You bite the kobold.
You kill the kobold!
The goblin hits you but does no damage.
Your Fighting skill increases to level 3!
You closely miss the goblin. You bite the goblin. You drain its power.
You feel invigorated.
The goblin is moderately wounded.
The goblin hits you but does no damage.
You closely miss the goblin. Your bite misses the goblin.
The goblin is moderately wounded.
The goblin hits you but does no damage. The goblin hits you with a +0 club.
You hit the goblin but do no damage. Your bite misses the goblin.
The goblin is moderately wounded.
You block the goblin's attack.
You barely miss the goblin. Your bite misses the goblin.
The goblin is moderately wounded.
The goblin hits you with a +0 club.
You die...

............#####.........# #....
..........................# #....
.....######...........÷...# #....
..........................###....
..............>.........÷...#....
.................##...##.........
.................#8...8#.........
###........#####g##...##.........
..#.g......# #@##...##.........
..#........# #†##...##....#####
......K..### #.#8K..8#....# #.
.........# ### ####...######## #.
.#.......###8###8##...##8###8#.#.
.............K..h..............#.
....................⌠..........##
.........#.....................#÷
#..........#8###8##...##8###8#.#.


You could see a goblin.

Vanquished Creatures
  2 endoplasms (D:1)
  A giant cockroach (D:1)
  3 hobgoblins (D:1)
  3 jackals (D:1)
  2 kobolds (D:1)
  A quokka (D:1)
  A ball python (D:1)
  3 goblins (D:1)
  2 rats (D:1)
18 creatures vanquished.

Notes
Turn   | Place    | Note
-------+----------+-------------------------------------------
     0 | D:1      | 27snakeeyes612 the Vine Stalker Fighter began the quest for
                  | the Orb.
     0 | D:1      | Reached XP level 1. HP: 11/11 MP: 2/2
    71 | D:1      | Reached XP level 2. HP: 16/16 MP: 3/3
   105 | D:1      | Found a faded altar of an unknown god.
   480 | D:1      | Reached skill level 3 in Fighting
   483 | D:1      | Slain by a goblin

Illustrated notes

Levels and vault maps discovered:
D:1:      heliophobic_arrival_battle_scene, layout_basic, serial_corexii_hall,
          chequers_hall_statues_y, corexii_hall_statues_u,
          corexii_hall_statues_x, hellmonk_ecumenical_altar_run_dry,
          chequers_serial_rivers_room_b, moated_statue, minmay_pentomino_r4

Skill      XL: |  1  2 |
---------------+-------+-----
Maces & Flails | 2 |  2.0
Fighting       | 3 |  3.0
Armour         | |  2.7
Shields        | |  2.9

Action                   || total
-------------------------++-------
Melee: Flail             ||    46
       Bite              ||    12
Armor: Scale mail        ||    29
Dodge: Dodged            ||    18
Block: Kite shield       ||    31

Table legend: (Time is in decaauts)
 A = Elapsed time spent in this place.
 B = Non-inter-level travel time spent in this place.
 C = Inter-level travel time spent in this place.
 D = Time resting spent in this place.
 E = Time spent auto-exploring this place.
 F = Levels seen in this place.
 G = Mean time per level.
                   A        B        C        D        E       F      G
               +--------+--------+--------+--------+--------+-----+--------+
         Total |    508 |    508 |      0 |      6 |      0 |   1 |  508.0 |
       Dungeon |    508 |    508 |      0 |      6 |      0 |   1 |  508.0 |
               +--------+--------+--------+--------+--------+-----+--------+

Top non-repeatable levels by time:
     D:1: 508 daAuts
